 Dungeon Crawl Stone Soup version 0.16-a0-3134-g9b1347a (webtiles) character file.

256 PolkaDot the Caller (level 5, -1/41 HPs)
             Began as a Vampire Summoner on Dec 14, 2014.
             Was an Initiate of Sif Muna.
             Slain by a sky beast (6 damage)
             ... on level 5 of the Dungeon.
             The game lasted 00:20:53 (3862 turns).

PolkaDot the Caller (Vampire Summoner)              Turns: 3862, Time: 00:20:53

Health: -1/41      AC:  5    Str:  7    XL:     5   Next: 92%
Magic:  6/9        EV: 12    Int: 18    God:    Sif Muna [......]
Gold:   165        SH:  0    Dex: 14    Spells: 3 memorised, 2 levels left

rFire  x . .     SeeInvis +     g - +0 dagger (elec)
rCold  + + .     Clarity  .     k - +0 leather armour
rNeg   . . .     SustAb   .     (no shield)
rPois  .         Gourm    .     (no helmet)
rElec  .         Spirit   .     l - +0 cloak
rCorr  +         Warding  .     p - +0 pair of gloves
rMut   .         Stasis   .     (no boots)
MR     .....                    j - amulet of resist corrosion
Stlth  ++........               o - ring of ice
                                f - ring of protection from cold

@: regenerating very quickly, not resistant to hostile enchantments, unstealthy
A: bottle blood, fangs 3, see invisible, unbreathing
a: Renounce Religion


You were on level 5 of the Dungeon.
You worshipped Sif Muna.
Sif Muna was noncommittal.
You were almost alive.

You visited 1 branch of the dungeon, and saw 5 of its levels.

You collected 165 gold pieces.

Inventory:

Hand weapons
 g - a +0 dagger of electrocution (weapon)
Armour
 k - a +0 leather armour (worn)
 l - a +0 cloak (worn)
 p - a +0 pair of gloves (worn)
Jewellery
 f - a ring of protection from cold (left hand)
 j - an amulet of resist corrosion (around neck)
 o - a ring of ice (right hand)
Scrolls
 c - 3 scrolls of remove curse
 h - a scroll of silence
 m - a scroll of teleportation
 n - a scroll of amnesia {unknown}
 q - a scroll of enchant weapon
 t - a scroll of recharging {unknown}
Potions
 a - 2 potions of blood {@*1}
 d - 2 potions of restore abilities
Books
 b - a book of Callings

   Spells                             Type                      Level
   a - Summon Small Mammal            Summoning                    1
   b - Call Imp                       Summoning                    2
   c - Call Canine Familiar           Summoning                    3
   d - Summon Guardian Golem          Hexes/Summoning              4
   e - Summon Lightning Spire         Summoning/Air                4
   f - Summon Ice Beast               Ice/Summoning                4


   Skills:
 - Level 3.5 Fighting
 - Level 2.1 Dodging
 - Level 3.0 Stealth
 - Level 2.0 Spellcasting
 * Level 5.9 Summonings


You had 2 spell levels left.
You knew the following spells:

 Your Spells              Type           Power        Failure   Level  Hunger
d - Call Canine Familiar  Summ           ###.....     6%          3    ###....
s - Call Imp              Summ           ###.....     2%          2    ###....
z - Summon Small Mammal   Summ           ###.         1%          1    #......


Dungeon Overview and Level Annotations

Branches:
Dungeon (5/15)             Temple (0/1) D:5

Altars:
Ashenzari
Dithmenos
Elyvilon
Sif Muna
Xom
Zin

Shops:
D:4 %   D:5 :


Innate Abilities, Weirdness & Mutations

Your natural rate of healing is extremely fast.
You can bottle blood from corpses.
You have razor-sharp teeth.
You have supernaturally acute eyesight.
You can survive without breathing.


Message History

The sky beast is lightly wounded.
The sky beast hits you.
* * * LOW HITPOINT WARNING * * *
The sky beast shocks you.
* * * LOW HITPOINT WARNING * * *
You hit the sky beast but do no damage.
The sky beast is lightly wounded.
The sky beast hits you.
* * * LOW HITPOINT WARNING * * *
The sky beast shocks you.
* * * LOW HITPOINT WARNING * * *
You see here an emerald potion.
Casting: Call Imp
Confirm with . or Enter, or press ? or * to list all spells.
The sky beast hits you but does no damage.
Your hound closely misses the sky beast.
The sky beast hits you.
* * * LOW HITPOINT WARNING * * *
The sky beast shocks you.
You die...

....##..#########..........##
#. ..#.###....# #......##...#
## ..#.######.#
###..#.#.###...####
#....#####.####....._..#
#.#.....
##..........##.....#.###
...####
.#.####.##......#....# #
....# #.##......#..###
....###......#>.h....##
......####.!...Y@....?#
...##.## ######..........
...##..# ###..#..... ......##
#.....## .....## ##.#...
..#### .##.. ...# .# # ...#
.# ...#


You could see a sky beast and a friendly hound.

Vanquished Creatures
  A hound (D:4)
  Jessica (D:3)
  A gnoll (D:4)
  3 adders (D:3)
  2 worms
  2 giant geckos
  2 oozes (D:2)
  3 orcs
  4 bats
  4 giant cockroaches
  8 goblins
  8 hobgoblins
  A quokka (D:4)
  7 giant newts
  5 kobolds
  5 rats
57 creatures vanquished.

Vanquished Creatures (collateral kills)
  2 orc priests (D:5)
  A gnoll shaman (D:5)
  An orc wizard (D:5)
  4 gnolls
  An adder (D:3)
  6 orcs (D:5)
  3 goblins
  A hobgoblin (D:4)
  4 kobolds
23 creatures vanquished.

Vanquished Creatures (others)
  A crimson imp (D:5)
  2 hounds
  2 shadow imps (D:5)
  A white imp (D:3)
6 creatures vanquished.

Grand Total: 86 creatures vanquished

Notes
Turn   | Place    | Note
--------------------------------------------------------------
     0 | D:1      | PolkaDot, the Vampire Summoner, began the quest for the Orb.
     0 | D:1      | Reached XP level 1. HP: 13/13 MP: 3/3
    97 | D:1      | Reached skill level 1 in Fighting
   284 | D:1      | Reached XP level 2. HP: 11/21 MP: 4/4
   634 | D:1      | Learned a level 2 spell: Call Imp
  1199 | D:2      | Reached XP level 3. HP: 15/28 MP: 6/6
  1230 | D:2      | Found a shadowy altar of Dithmenos.
  1471 | D:2      | Learned a level 3 spell: Call Canine Familiar
  1963 | D:3      | Noticed Jessica
  1982 | D:3      | Killed Jessica
  1982 | D:3      | Reached XP level 4. HP: 14/35 MP: 2/7
  2214 | D:3      | Found a shimmering altar of Xom.
  2217 | D:3      | Found a white marble altar of Elyvilon.
  2231 | D:3      | Found a deep blue altar of Sif Muna.
  2235 | D:3      | Became a worshipper of Sif Muna the Loreminder
  2241 | D:3      | Found a glowing silver altar of Zin.
  2718 | D:4      | Found Elacw's Food Shoppe.
  2749 | D:4      | Reached XP level 5. HP: 31/41 MP: 9/9
  3152 | D:5      | Entered Level 5 of the Dungeon
  3165 | D:5      | Gained mutation: Your magical capacity is low (-10% MP). [potion of mutation]
  3165 | D:5      | Gained mutation: You are partially covered in slimy green scales (AC +2). [potion of mutation]
  3165 | D:5      | Gained mutation: You are frail (-10% HP). [potion of mutation]
  3166 | D:5      | Lost mutation: You are frail (-10% HP). [potion of cure mutation]
  3166 | D:5      | Lost mutation: Your magical capacity is low (-10% MP). [potion of cure mutation]
  3166 | D:5      | Lost mutation: You are partially covered in slimy green scales (AC +2). [potion of cure mutation]
  3167 | D:5      | Gained mutation: You are frail (-10% HP). [potion of mutation]
  3167 | D:5      | Gained mutation: You possess an exceptional clarity of mind. [potion of mutation]
  3168 | D:5      | Lost mutation: You possess an exceptional clarity of mind. [potion of cure mutation]
  3168 | D:5      | Lost mutation: You are frail (-10% HP). [potion of cure mutation]
  3187 | D:5      | Reached skill level 5 in Summonings
  3580 | D:5      | Found Tweoj's Book Boutique.
  3658 | D:5      | Found a staircase to the Ecumenical Temple.
  3687 | D:5      | Found a shattered altar of Ashenzari.
  3843 | D:5      | Noticed a sky beast
  3862 | D:5      | Slain by a sky beast

Action                   |  1- 3 |  4- 6 || total
-------------------------+-------+-------++-------
Melee: Unarmed           |    14 |       ||    14
       Dagger            |   180 |   188 ||   368
 Cast: Summon Small Mamm |     8 |       ||     8
       Call Imp          |     9 |    12 ||    21
       Call Canine Famil |       |     6 ||     6
  Use: Potion            |     1 |    20 ||    21
       Scroll            |     1 |     7 ||     8
 Stab: Sleeping          |     5 |     1 ||     6
       Distracted        |       |     1 ||     1
  Eat: Corpse            |    15 |     6 ||    21
